 Dungeon Crawl Stone Soup version 0.23.2-40-g277498a001 (webtiles) character file.

Game seed: 6043464819963628903

45 FishyPogo the Changer (level 3, -1/31 HPs)
             Began as a Naga Transmuter on Aug 16, 2019.
             Was an Initiate of Makhleb.
             Slain by an adder (2 damage)
             ... on level 2 of the Dungeon.
             The game lasted 00:06:31 (1516 turns).

FishyPogo the Changer (Naga Transmuter)             Turns: 1516, Time: 00:06:32

Health: -1/31      AC:  3    Str: 17    XL:     3   Next: 64%
Magic:  6/6        EV: 10    Int: 14    God:    Makhleb [......]
Gold:   84         SH:  0    Dex: 11    Spells: 3/7 levels left

rFire    . . .     SeeInvis +     - Unarmed
rCold    . . .     Gourm    .   (no shield)
rNeg     . . .     Faith    .   b - +0 robe
rPois    +         Spirit   .   (no helmet)
rElec    .         Reflect  .   (no cloak)
rCorr    .         Harm     .   g - +0 pair of gloves
MR       .....                  (no barding)
Stlth    +.........             (no amulet)
HPRegen  0.10/turn              (no ring)
MPRegen  0.10/turn              (no ring)

@: mighty, appendage, hasted, quick
A: large, horns 2, see invisible, deformed body, poison resistance, slowness 2,
slow metabolism 1, spit poison 1, AC +1
a: Spit Poison, End Transformation, Renounce Religion


You were on level 2 of the Dungeon.
You worshipped Makhleb.
Makhleb was noncommittal.
You were not hungry.
You had grown temporary horns.
You visited 1 branch of the dungeon, and saw 2 of its levels.

You collected 84 gold pieces.

Inventory:

Missiles
 a - 12 arrows
 e - 124 stones (quivered)
Armour
 b - a +0 robe (worn)
 g - a +0 pair of gloves (worn)
Scrolls
 c - 2 scrolls of blinking {unknown}
 f - 2 scrolls of random uselessness {unknown}
 h - 2 scrolls of fog {unknown}
 i - a scroll of identify {unknown}
 k - a scroll of teleportation {unknown}
 m - a scroll of amnesia {unknown}
 p - 2 scrolls of enchant armour {unknown}
 q - a scroll of remove curse {unknown}
Potions
 j - 2 potions of ambrosia {unknown}
 l - a potion of haste
 n - a potion of berserk rage {unknown}
 r - a potion of might
Comestibles
 d - a ration
 o - 4 chunks of flesh


   Skills:
 - Level 1.0 Fighting
 - Level 1.5 Dodging
 - Level 3.0 Unarmed Combat
 + Level 2.5 Spellcasting
 * Level 3.2 Transmutations
 * Level 1.2 Poison Magic


You had 3 spell levels left.
You knew the following spells:

 Your Spells              Type           Power        Failure   Level  Hunger
d - Beastly Appendage     Tmut           ##....       6%          1    #......
e - Spider Form           Tmut/Pois      #.........   26%         3    ###....

Your spell library contained the following spells:

 Spells                   Type           Power        Failure   Level  Hunger
 Sticks to Snakes         Tmut           ##......     9%          2    ###....
 Ice Form                 Ice/Tmut       #.......     75%         4    #####..
 Blade Hands              Tmut           ##........   86%         5    ######.


Dungeon Overview and Level Annotations

Branches:
Dungeon (2/15)

Altars:
Ashenzari
Makhleb
Vehumet


Innate Abilities, Weirdness & Mutations

You cannot wear boots.
Your serpentine skin is tough. (AC +1)
You have supernaturally acute eyesight. (SInv)
Armour fits poorly on your strangely shaped body.
Your system is resistant to poisons. (rPois)
You cover ground very slowly.
You have a slow metabolism.
You can spit poison.
You have a pair of horns on your head.


Message History

The adder closely misses you.
Press: ? - help, Shift-Dir - straight line, f/p - adder
Aim: an adder (heavily wounded)
You fail to use your ability.
The adder bites you.
* * * LOW HITPOINT WARNING * * *
You closely miss the adder.
The adder is heavily wounded.
The adder barely misses you.
It was a potion of haste.
You feel yourself speed up. The adder barely misses you. x2
You miss the adder.
The adder is heavily wounded.
You miss the adder.
The adder is heavily wounded.
The adder bites you.
* * * LOW HITPOINT WARNING * * *
It was a potion of might.
You feel very mighty all of a sudden. The adder bites you.
You die...

#.# ..... #.#
... #.# ...
#.# #.# #.#
#.# #.# #$#
##.#.. #.#
#K# #..#..
#####.####S#
#....
#.รท.)....@.#
...#
#.###.######
...# #.# #.#
...# #.# #.#
...# #.# #.#
...# #.# #.#
...#####.#
#..
#........#
###
#........#


You could see an adder and a kobold.

Vanquished Creatures
  An adder (D:1)
  A dart slug (D:1)
  A leopard gecko (D:1)
  A giant cockroach (D:1)
  9 hobgoblins
  2 jackals (D:1)
  6 bats
  2 frilled lizards (D:1)
  3 goblins (D:1)
  3 kobolds
  A rat (D:1)
30 creatures vanquished.

Notes
Turn   | Place    | Note
-------+----------+-------------------------------------------
     0 | D:1      | FishyPogo the Naga Transmuter began the quest for the Orb.
     0 | D:1      | Reached XP level 1. HP: 18/18 MP: 3/3
   189 | D:1      | Reached XP level 2. HP: 23/25 MP: 5/5
   795 | D:1      | Reached XP level 3. HP: 28/31 MP: 6/6
   800 | D:1      | Learned a level 3 spell: Spider Form
  1347 | D:2      | Reached skill level 1 in Poison Magic
  1383 | D:2      | Found a radiant altar of Vehumet.
  1393 | D:2      | Found a burning altar of Makhleb.
  1405 | D:2      | Became a worshipper of Makhleb the Destroyer
  1436 | D:2      | Found a shattered altar of Ashenzari.
  1515 | D:2      | HP: 1/31 [adder (3)]
  1516 | D:2      | Slain by an adder

Skill      XL: |  1  2  3 |
---------------+----------+-----
Transmutations | 3 |  3.2
Poison Magic   | 1 |  1.2
Fighting       | |  1.0
Dodging        | |  1.5
Unarmed Combat | |  3.0
Spellcasting   | |  2.5

Action                   || total
-------------------------++-------
Melee: Unarmed           ||    38
       Headbutt          ||     2
 Cast: Beastly Appendage ||     6
 Abil: Spit Poison       ||    31
  Use: Potion            ||     2
  Eat: Chunk             ||     3
Armor: Robe              ||    11
Dodge: Dodged            ||    17
